 Dungeon Crawl Stone Soup version 0.20.1-1-g8b1a95d (webtiles) character file.

72 TheGuigne the Skirmisher (level 4, 42/42 HPs)
             Began as a Minotaur Hunter on Aug 21, 2017.
             Quit the game on level 2 of the Dungeon.
             The game lasted 00:03:24 (1269 turns).

TheGuigne the Skirmisher (Minotaur Hunter)          Turns: 1269, Time: 00:03:25

Health: 42/42      AC:  3    Str: 17    XL:     4   Next: 7%
Magic:  3/3        EV: 12    Int:  8    God:
Gold:   56         SH:  3    Dex: 11    Spells: 3/3 levels left

rFire    . . .     SeeInvis +   b - +0 hand axe
rCold    . . .     Gourm    .   (no shield)
rNeg     . . .     Faith    .   c - +0 leather armour
rPois    .         Spirit   .   (helmet restricted)
rElec    .         Reflect  +   (no cloak)
rCorr    .         Harm     .   (no gloves)
MR       .....                  (no boots)
Stlth    +.........             n - +3 amulet of reflection
Regen    0.2/turn               l - ring of see invisible
MPRegen  0.1/turn               (no ring)

@: no status effects
A: retaliatory headbutt, horns 2
a: no special abilities


You were on level 2 of the Dungeon.
You were not hungry.

You visited 1 branch of the dungeon, and saw 2 of its levels.

You collected 56 gold pieces.

Inventory:

Hand Weapons
 a - a +1 hand crossbow
 b - a +0 hand axe (weapon)
Missiles
 d - 16 bolts
 j - 7 steel javelins (quivered)
Armour
 c - a +0 leather armour (worn)
Jewellery
 l - a ring of see invisible (left hand)
 n - a +3 amulet of reflection (around neck)
Scrolls
 g - 7 scrolls of identify {unknown}
 h - a scroll of amnesia {unknown}
 k - a scroll of immolation {unknown}
 m - a scroll of enchant armour {unknown}
 o - a scroll of teleportation {unknown}
 r - a scroll of recharging {unknown}
Potions
 e - a potion of brilliance {unknown}
Comestibles
 f - 3 bread rations
 i - a royal jelly
 q - a fruit


   Skills:
 - Level 5.2 Fighting
 * Level 0.2 Axes
 - Level 4.3 Crossbows
 - Level 2.1 Dodging
 - Level 0.7 Stealth


You had 3 spell levels left.
You didn't know any spells.

Dungeon Overview and Level Annotations

Branches:
Dungeon (2/15)

Altars:
Fedhas
Xom


Innate Abilities, Weirdness & Mutations

You reflexively headbutt those who attack you in melee.
You have a pair of horns on your head.


Message History

b - a +0 hand axe (weapon)
You start resting.
Some of the chunks of flesh in your inventory have rotted away.
Eating one of 2 chunks of flesh.
You eat one of the 2 chunks of flesh.
This raw flesh tastes terrible.
All of the chunks of flesh in your inventory have rotted away.
HP restored.
You see here a scale mail.
A dart slug comes into view.
You block the dart slug's attack.
You hit the dart slug. You headbutt the dart slug!
The dart slug is almost dead.
You hit the dart slug.
You kill the dart slug!
No target in view!
No target in view!
d - 16 bolts (gained 6)
e - a fizzy inky potion
Found a quarterstaff.
Are you sure you want to abandon this character and quit the game? (Confirm with "yes".)

############.###.#####.#
##### #.# #.......#
....# #.# #########
###.# #.# ## #.# #.# ..
#.# #.# )# #.# #.# .#
#.# #.####.# #.####
#....@.####
#....######...........
####.#....#.##########
#.#.#.##[# #......#)#
###.####.# #......#
########


There were no monsters in sight!

Vanquished Creatures
  Terence (D:2)
  An adder (D:2)
  2 dart slugs
  2 leopard geckos (D:1)
  A ball python (D:1)
  3 bats
  2 giant cockroaches (D:1)
  2 goblins (D:1)
  4 hobgoblins
  3 jackals (D:2)
  A frilled lizard (D:1)
  4 kobolds (D:1)
  4 rats (D:1)
30 creatures vanquished.

Notes
Turn   | Place    | Note
-------+----------+-------------------------------------------
     0 | D:1      | TheGuigne the Minotaur Hunter began the quest for the Orb.
     0 | D:1      | Reached XP level 1. HP: 18/18 MP: 0/0
    47 | D:1      | Reached skill level 3 in Fighting
   170 | D:1      | Reached XP level 2. HP: 26/26 MP: 1/1
   387 | D:1      | Reached skill level 4 in Fighting
   729 | D:2      | Found a blossoming altar of Fedhas.
   763 | D:2      | Reached XP level 3. HP: 31/33 MP: 2/2
   769 | D:2      | Found a shimmering altar of Xom.
   944 | D:2      | Noticed Terence
   958 | D:2      | HP: 1/34 [Terence/hand axe (1)]
   964 | D:2      | Killed Terence
   964 | D:2      | Reached skill level 5 in Fighting
   964 | D:2      | Reached XP level 4. HP: 2/42 MP: 3/3
  1269 | D:2      | Quit the game

Skill      XL: |  1  2  3 |
---------------+----------+-----
Fighting       | 3 4 5 |  5.2
Axes           | |  0.2
Crossbows      | |  4.3
Dodging        | |  2.1
Stealth        | |  0.7

Action                   |  1- 3 |  4- 6 || total
-------------------------+-------+-------++-------
Melee: Short sword       |    44 |       ||    44
       Headbutt          |     7 |     1 ||     8
       Hand axe          |       |     2 ||     2
 Fire: Hand crossbow     |    36 |       ||    36
 Stab: Sleeping          |     1 |       ||     1
  Eat: Chunk             |       |     1 ||     1
Armor: Leather armour    |    15 |       ||    15
Dodge: Dodged            |    31 |       ||    31
Block: Other             |     1 |     1 ||     2
